 Dungeon Crawl Stone Soup version 0.27-a0-1147-gb3d8e82157 (webtiles) character file.

Game seed: 8462510884423892812

228 Bapho the Magician (level 6, 0/44 HPs)
             Began as a Gnoll Hedge Wizard on May 12, 2021.
             Slain by a hound (3 damage)
             ... on level 4 of the Dungeon.
             The game lasted 00:06:29 (5027 turns).

Bapho the Magician (Gnoll Hedge Wizard)             Turns: 5027, Time: 00:06:29

Health: 0/44       AC:  2    Str: 10    XL:     6   Next: 2%
Magic:  9/16       EV: 13    Int: 15    God:
Gold:   83         SH:  0    Dex: 11    Spells: 8/19 levels left

rFire    . . .     SeeInvis .   f - +1 mace (flame)
rCold    . . .     Faith    .   (no shield)
rNeg     . . .     Spirit   .   b - +0 robe
rPois    .         Reflect  .   c - +0 hat
rElec    .         Harm     .   (no cloak)
rCorr    +         Rampage  .   (no gloves)
Will     .....                  (no boots)
Stlth    ++........             (no amulet)
HPRegen  0.14/turn              m - ring of resist corrosion
MPRegen  0.15/turn              (no ring)

@: very slightly contaminated
A: fangs 1, strong nose, distributed training
a: no special abilities


You were on level 4 of the Dungeon.
You visited 1 branch of the dungeon, and saw 4 of its levels.

You collected 83 gold pieces.

Inventory:

Hand Weapons
 a - a +0 dagger
 d - a +0 short sword
 f - a +1 mace of flaming (weapon)
Armour
 b - a +0 robe (worn)
 c - a +0 hat (worn)
Jewellery
 e - an amulet of guardian spirit
 m - a ring of resist corrosion (left hand)
Scrolls
 g - 2 scrolls of identify
 h - a scroll of enchant weapon
 i - 2 scrolls of teleportation
 k - a scroll of brand weapon
 p - a scroll of silence {unknown}
Potions
 j - a potion of brilliance {unknown}
 l - a potion of haste {unknown}
 n - a potion of degeneration {unknown}
 o - a potion of curing
 q - a potion of might {unknown}


   Skills:
 + Level 1.7 Fighting
 + Level 1.7 Short Blades
 + Level 1.7 Long Blades
 + Level 1.7 Axes
 + Level 1.7 Maces & Flails
 + Level 1.7 Polearms
 + Level 1.7 Staves
 + Level 1.7 Slings
 + Level 1.7 Bows
 + Level 1.7 Crossbows
 + Level 1.7 Throwing
 + Level 1.7 Armour
 + Level 4.9 Dodging
 + Level 4.5 Stealth
 + Level 1.7 Shields
 + Level 1.7 Unarmed Combat
 + Level 7.3 Spellcasting
 + Level 2.5 Conjurations
 + Level 1.3 Hexes
 + Level 2.5 Summonings
 + Level 1.3 Necromancy
 + Level 2.5 Translocations
 + Level 1.3 Transmutations
 + Level 1.3 Fire Magic
 + Level 1.3 Ice Magic
 + Level 1.3 Air Magic
 + Level 1.3 Earth Magic
 + Level 1.3 Poison Magic
 + Level 2.0 Invocations
 + Level 1.7 Evocations


You had 8 spell levels left.
You knew the following spells:

 Your Spells              Type           Power      Damage    Failure   Level
a - Magic Dart            Conj           52%        1d5       4%          1
b - Blink                 Tloc           N/A        N/A       7%          2
c - Call Imp              Summ           13%        N/A       7%          2
d - Mephitic Cloud        Conj/Pois/Air  10%        N/A       19%         3
e - Conjure Flame         Conj/Fire      11%        6-21      17%         3

Your spell library contained the following spells:

 Spells                   Type           Power      Damage    Failure   Level
 Slow                     Hex            9%         N/A       11%         2


Dungeon Overview and Level Annotations

Branches:
Dungeon (4/15)
 Temple: D:4-7

Altars:
Dithmenos
Fedhas
Hepliaklqana
Nemelex Xobeh
Ru
Sif Muna

Annotations:
D:3 3 runed translucent doors, Froggeryz's ghost, amateur HuWn; losten's ghost, amateur HuFi; losten's ghost, amateur OgFi; nj0rd12's ghost, amateur OpWz; waddelsworth's ghost, amateur GnCj


Innate Abilities, Weirdness & Mutations

You have very sharp teeth.
Your uncanny sense of smell can sniff out nearby items.
Your experience applies equally to all skills.


Message History

Nothing appears to happen.
The hound closely misses you. The hound bites you.
Casting: Magic Dart (safe; 4% risk of failure)
Confirm with . or Enter, or press ? or * to list all spells.
A beastly little devil appears in a puff of flame.
The hound bites you.
You closely miss the hound.
The hound is heavily wounded.
The hound bites you. x2
* * * LOW HITPOINT WARNING * * *
Your crimson imp misses the hound.
You hit the hound. You burn the hound.
The hound is almost dead.
The hound completely misses you.
Your crimson imp misses the hound.
The hound bites you.
* * * LOW HITPOINT WARNING * * *
Casting: Call Imp (safe; 7% risk of failure)
Confirm with . or Enter, or press ? or * to list all spells.
Aiming: Magic Dart (safe; 4% risk of failure)
Press: ? - help, Shift-Dir - straight line, f/p - hound
Aim: a hound (almost dead, ally target, 100% to hit)
You miscast Magic Dart.
Nothing appears to happen.
The hound bites you.
* * * LOW HITPOINT WARNING * * *
Your crimson imp blinks!
Casting: Magic Dart (safe; 4% risk of failure)
Confirm with . or Enter, or press ? or * to list all spells.
Aiming: Magic Dart (safe; 4% risk of failure)
Press: ? - help, Shift-Dir - straight line, f/p - hound
Aim: a hound (almost dead, ally target, 100% to hit)
You miscast Magic Dart.
Nothing appears to happen.
The hound closely misses you. The hound bites you.
* * * LOW HITPOINT WARNING * * *
Casting: Magic Dart (safe; 4% risk of failure)
Confirm with . or Enter, or press ? or * to list all spells.
Aiming: Magic Dart (safe; 4% risk of failure)
Press: ? - help, Shift-Dir - straight line, f/p - hound
Aim: a hound (almost dead, ally target, 100% to hit)
The magic dart hits the hound.
The hound is almost dead.
The hound bites you.
You die...

#.### #...
##... ....
#(.# #..#
...###..####
#....@...#
#....h...#
#........#
#........#
#....<...#
.5........#
#########.##
.#


You could see a hound (ally target) and a friendly crimson imp (summoned).

Vanquished Creatures
  An ice beast (D:2)
  4 adders (D:3)
  A gnoll (D:3)
  2 worms
  2 dart slugs
  4 orcs (D:3)
  9 ball pythons
  9 endoplasms
  4 goblins
  11 hobgoblins
  A quokka (D:3)
  8 bats
  3 frilled lizards
  6 kobolds
65 creatures vanquished.

Vanquished Creatures (collateral kills)
  An ogre (D:2)
  A worm (D:2)
  An orc (D:3)
  A hobgoblin (D:3)
4 creatures vanquished.

Grand Total: 69 creatures vanquished

Notes
Turn   | Place    | Note
-------+----------+-------------------------------------------
     0 | D:1      | Bapho the Gnoll Hedge Wizard began the quest for the Orb.
     0 | D:1      | Reached XP level 1. HP: 13/13 MP: 8/8
   367 | D:1      | Reached XP level 2. HP: 19/19 MP: 7/10
   698 | D:1      | Found a faded altar of an unknown god.
   756 | D:1      | Learned a level 2 spell: Blink
   759 | D:1      | Learned a level 2 spell: Call Imp
  1086 | D:1      | Reached XP level 3. HP: 25/25 MP: 9/11
  1530 | D:2      | Learned a level 3 spell: Mephitic Cloud
  1535 | D:2      | Learned a level 3 spell: Conjure Flame
  2022 | D:2      | Noticed an ice beast
  2068 | D:2      | Killed an ice beast
  2069 | D:2      | Reached skill level 1 in Fighting
  2069 | D:2      | Reached skill level 1 in Short Blades
  2069 | D:2      | Reached skill level 1 in Long Blades
  2069 | D:2      | Reached skill level 1 in Axes
  2069 | D:2      | Reached skill level 1 in Maces & Flails
  2069 | D:2      | Reached skill level 1 in Polearms
  2069 | D:2      | Reached skill level 1 in Staves
  2069 | D:2      | Reached skill level 1 in Slings
  2069 | D:2      | Reached skill level 1 in Bows
  2069 | D:2      | Reached skill level 1 in Crossbows
  2069 | D:2      | Reached skill level 1 in Throwing
  2069 | D:2      | Reached skill level 1 in Armour
  2069 | D:2      | Reached skill level 1 in Shields
  2069 | D:2      | Reached skill level 1 in Unarmed Combat
  2069 | D:2      | Reached skill level 1 in Hexes
  2069 | D:2      | Reached skill level 1 in Necromancy
  2069 | D:2      | Reached skill level 1 in Transmutations
  2069 | D:2      | Reached skill level 1 in Fire Magic
  2069 | D:2      | Reached skill level 1 in Ice Magic
  2069 | D:2      | Reached skill level 1 in Air Magic
  2069 | D:2      | Reached skill level 1 in Earth Magic
  2069 | D:2      | Reached skill level 1 in Poison Magic
  2069 | D:2      | Reached skill level 1 in Invocations
  2069 | D:2      | Reached skill level 1 in Evocations
  2069 | D:2      | Reached XP level 4. HP: 16/32 MP: 0/13
  2750 | D:2      | Noticed an ogre
  2757 | D:2      | Killed an ogre
  2758 | D:2      | Reached XP level 5. HP: 37/37 MP: 9/14
  3934 | D:3      | Found a shimmering blue altar of Sif Muna.
  3941 | D:3      | Found a sparkling altar of Nemelex Xobeh.
  3941 | D:3      | Found a shadowy altar of Dithmenos.
  3949 | D:3      | Found a blossoming altar of Fedhas.
  4094 | D:3      | Found a runed translucent gate.
  4095 | D:3      | Found a runed translucent gate.
  4095 | D:3      | Found a runed translucent gate.
  4339 | D:3      | Noticed Froggeryz's ghost (amateur HuWn)
  4341 | D:3      | Noticed nj0rd12's ghost (amateur OpWz)
  4341 | D:3      | Noticed losten's ghost (amateur OgFi)
  4343 | D:3      | Noticed waddelsworth's ghost (amateur GnCj)
  4344 | D:3      | Noticed losten's ghost (amateur HuFi)
  4734 | D:3      | Reached XP level 6. HP: 44/44 MP: 10/16
  4821 | D:3      | Found a hazy altar of Hepliaklqana.
  4821 | D:3      | Found a sacrificial altar of Ru.
  5027 | D:4      | Slain by a hound

Illustrated notes

Levels and vault maps discovered:
D:1:      ebering_trefoil_3fold, layout_loops_corners, basic_ecumenical_altar
D:2:      layout_loops_corners, amcnicky_mini_rare_corridor_liquid
D:3:      layout_basic, minitemple, gammafunk_temple_overflow_elements,
          gammafunk_ghost_cemetery, st_stairs_9, minmay_crystal_room,
          chequers_serial_rivers_micro_c, minmay_cut_off
D:4:      layout_rooms

Skill      XL: |  1  2  3  4  5 |
---------------+----------------+-----
Conjurations   | 2 |  2.5
Summonings     | 2 |  2.5
Translocations | 2 |  2.5
Fighting       | 1 |  1.7
Short Blades   | 1 |  1.7
Long Blades    | 1 |  1.7
Axes           | 1 |  1.7
Maces & Flails | 1 |  1.7
Polearms       | 1 |  1.7
Staves         | 1 |  1.7
Slings         | 1 |  1.7
Bows           | 1 |  1.7
Crossbows      | 1 |  1.7
Throwing       | 1 |  1.7
Armour         | 1 |  1.7
Shields        | 1 |  1.7
Unarmed Combat | 1 |  1.7
Hexes          | 1 |  1.3
Necromancy     | 1 |  1.3
Transmutations | 1 |  1.3
Fire Magic     | 1 |  1.3
Ice Magic      | 1 |  1.3
Air Magic      | 1 |  1.3
Earth Magic    | 1 |  1.3
Poison Magic   | 1 |  1.3
Invocations    | 1 2 |  2.0
Evocations     | 1 |  1.7
Dodging        | |  4.9
Stealth        | |  4.5
Spellcasting   | |  7.3

Action                   |  1- 3 |  4- 6 || total
-------------------------+-------+-------++-------
Melee: Dagger            |     3 |       ||     3
       Mace              |     6 |    23 ||    29
       Bite              |       |     4 ||     4
 Cast: Magic Dart        |    72 |   116 ||   188
       Call Imp          |    10 |    12 ||    22
  Use: Scroll            |     3 |     3 ||     6
       Potion            |       |     1 ||     1
Armor: Robe              |     3 |     5 ||     8
Dodge: Dodged            |    13 |    38 ||    51

Table legend: (Time is in decaauts)
 A = Elapsed time spent in this place.
 B = Non-inter-level travel time spent in this place.
 C = Inter-level travel time spent in this place.
 D = Time resting spent in this place.
 E = Time spent auto-exploring this place.
 F = Levels seen in this place.
 G = Mean time per level.
                   A        B        C        D        E       F      G
               +--------+--------+--------+--------+--------+-----+--------+
         Total |   5036 |   4919 |    117 |    213 |   4200 |   4 | 1259.0 |
       Dungeon |   5036 |   4919 |    117 |    213 |   4200 |   4 | 1259.0 |
               +--------+--------+--------+--------+--------+-----+--------+

Top non-repeatable levels by time:
     D:2: 1719 daAuts
     D:1: 1690 daAuts
     D:3: 1611 daAuts
     D:4: 14 daAuts
